 Dungeon Crawl Stone Soup version 0.27.1-33-g824d729ab1 (webtiles) character file.

Game seed: 10187152976480462688

114 spacecowboy273 the Ruffian (level 4, -1/41 (44) HPs)
             Began as a Troll Berserker on Dec 4, 2021.
             Was a Believer of Trog.
             Slain by a gnoll (5 damage)
             ... on level 2 of the Dungeon.
             The game lasted 00:07:25 (1123 turns).

spacecowboy273 the Ruffian (Troll Berserker)        Turns: 1123, Time: 00:07:25

HP:   -1/41 (44)    AC:  5    Str: 26    XL:     4   Next: 66%
MP:   3/3           EV: 10    Int:  3    God:    Trog [**....]
Gold: 81            SH:  0    Dex:  9    Spells: 3/3 levels left

rFire    . . .     SeeInvis .     - Unarmed
rCold    . . .     Faith    .   (no shield)
rNeg     . . .     Spirit   .   a - +0 animal skin
rPois    .         Reflect  .   (helmet restricted)
rElec    .         Harm     .   c - +0 cloak
rCorr    .         Rampage  .   (gloves unavailable)
Will     .....                  (boots unavailable)
Stlth    +.........             (no amulet)
HPRegen  1.13/turn              (no ring)
MPRegen  0.08/turn              (no ring)

@: drained
A: large, unfitting armour, claws 3, regeneration 1, shaggy fur 1, tough skin 1
a: Renounce Religion, Berserk, Trog's Hand


You were on level 2 of the Dungeon.
You worshipped Trog.
Trog was pleased with you.
You visited 1 branch of the dungeon, and saw 2 of its levels.

You collected 103 gold pieces.
You spent 22 gold pieces at shops.

Inventory:

Hand Weapons
 i - a +6 club
Armour
 a - a +0 animal skin (worn)
 c - a +0 cloak (worn)
Magical Staves
 g - a staff of fire
Scrolls
 b - a scroll of enchant armour {unknown}
 f - 2 scrolls of identify
 h - a scroll of blinking {unknown}
 j - 2 scrolls of noise {unknown}
 l - a scroll of fear {unknown}
Potions
 d - 3 potions of brilliance {unknown}
 e - a potion of heal wounds {unknown}
 k - a potion of magic {unknown}


   Skills:
 - Level 2.4 Fighting
 - Level 2.4 Dodging
 + Level 5.5 Unarmed Combat


You had 3 spell levels left.
You didn't know any spells.
Your spell library was empty.

Dungeon Overview and Level Annotations

Branches:
Dungeon (2/15)

Altars:

Shops:
D:1 ?

Annotations:
D:2 Terence


Innate Abilities, Weirdness & Mutations

You are too large for most types of armour.
You have claws for hands.
Your natural rate of healing is unusually fast.
You are covered in fur. (AC +1)
You have tough skin. (AC +1)


Message History

Terence is wielding a +2 mace of draining.
Terence shouts!
The gnoll shouts! x2
The gnoll barely misses you.
The gnoll moves out of view.
The gnoll hits you with a +0 spear. The gnoll closely misses you.
You closely miss the gnoll. The gnoll hits you with a +0 spear!
The gnoll barely misses you.
The gnoll hits you from afar with a +0 spear.
The gnoll barely misses you.
The gnoll hits you from afar with a +0 spear.
Terence barely misses you.
You claw Terence!
Terence is heavily wounded.
Terence hits you with a +2 mace of draining.
You feel drained.
The gnoll hits you from afar with a +0 spear.
You scratch Terence but do no damage.
Terence is heavily wounded.
Terence closely misses you.
You barely miss Terence.
Terence is heavily wounded.
The gnoll hits you from afar with a +0 spear!
The gnoll hits you but does no damage.
You claw Terence!
Terence is almost dead.
Terence shouts, "Now you die!"
Terence hits you with a +2 mace of draining!
You feel drained.
The gnoll hits you from afar with a +0 spear.
* * * LOW HITPOINT WARNING * * *
The gnoll hits you from afar with a +0 spear.
* * * LOW HITPOINT WARNING * * *
Terence completely misses you.
The gnoll hits you from afar with a +0 spear.
* * * LOW HITPOINT WARNING * * *
Terence closely misses you.
The gnoll hits you from afar with a +0 spear.
* * * LOW HITPOINT WARNING * * *
Terence hits you but does no damage.
You feel drained.
The gnoll hits you from afar with a +0 spear.
You die...

# #.##.# ........####### # #####
#.##.# ............... # #<..#
#..#.# .....g......... #####.#
##.#.# ......g........ .# #.#
#.#.# #+#........
.####.######...#######.#........
.#..........#..##.ggg...........
.#..........#..##@###..#)...<...
.#..........##>.@.#
#....########
.#######.##.......# #..### #...#
.# #..........# ...# #...# .#
####.†.....#.#### #...# .#
#.......#.#########...# .#
##.######.##..........#
############.# #.##...........
#..........#.# #.##...........
#..........'.# #.##...........


You could see Terence and 2 gnolls.

Vanquished Creatures
  Jessica (D:2)
  Robin (D:2)
  An adder (D:2)
  A dart slug (D:1)
  4 endoplasms
  2 giant cockroaches
  16 goblins
  4 hobgoblins
  9 jackals
  A quokka (D:2)
  4 ball pythons
  6 bats
  4 frilled lizards
  2 kobolds
  4 rats (D:1)
60 creatures vanquished.

Notes
Turn   | Place    | Note
-------+----------+-------------------------------------------
     0 | D:1      | spacecowboy273 the Troll Berserker began the quest for the
                  | Orb.
     0 | D:1      | Reached XP level 1. HP: 22/22 MP: 0/0
    68 | D:1      | Reached XP level 2. HP: 29/29 MP: 1/1
   319 | D:1      | Found Jowkeroo's Magic Scroll Emporium.
   327 | D:1      | Bought a scroll of identify for 22 gold pieces
   348 | D:1      | Reached skill level 4 in Unarmed Combat
   435 | D:1      | Found a faded altar of an unknown god.
   543 | D:1      | Reached ** piety under Trog
   666 | D:2      | Reached XP level 3. HP: 36/36 MP: 2/2
   819 | D:2      | Noticed Jessica
   859 | D:2      | Killed Jessica
   860 | D:2      | Reached XP level 4. HP: 21/44 MP: 3/3
   904 | D:2      | Reached skill level 5 in Unarmed Combat
   971 | D:2      | Noticed Robin
  1005 | D:2      | Killed Robin
  1104 | D:2      | Noticed Terence
  1121 | D:2      | HP: 2/42 [gnoll (3)]
  1123 | D:2      | Slain by a gnoll

Illustrated notes

Levels and vault maps discovered:
D:1:      dpeg_arrival_leaves_temple_mockup, layout_basic,
          dilly_ecumenical_altar_fadedgnrine, serial_shops,
          nicolae_shop_statue_plus
D:2:      layout_basic, uniq_terence, uniq_jessica, uniq_robin

Skill      XL: |  1  2  3  4 |
---------------+-------------+-----
Unarmed Combat | 4 5 |  5.5
Fighting       | |  2.4
Dodging        | |  2.4

Action                   |  1- 3 |  4- 6 || total
-------------------------+-------+-------++-------
Melee: Unarmed           |    96 |    37 ||   133
       Punch             |     1 |     2 ||     3
       Club              |       |    14 ||    14
Armor: Animal skin       |    31 |    38 ||    69
Dodge: Dodged            |    54 |    43 ||    97
